 Dungeon Crawl Stone Soup version 0.21.0-24-g2553a33 (webtiles) character file.

58 Jatast the Skirmisher (level 3, 0/43 HPs)
             Began as a Demonspawn Wanderer on Jan 20, 2018.
             Slain by an adder (3 damage)
             ... on level 2 of the Dungeon.
             The game lasted 00:03:04 (1344 turns).

Jatast the Skirmisher (Demonspawn Wanderer)         Turns: 1344, Time: 00:03:04

Health: 0/43       AC: 21    Str: 13    XL:     3   Next: 76%
Magic:  4/4        EV:  2    Int: 17    God:
Gold:   42         SH:  0    Dex: 13    Spells: 4/4 levels left

rFire    . . .     SeeInvis .   i - +0 whip
rCold    . . .     Gourm    .   (no shield)
rNeg     + + +     Faith    .   (armour currently unavailable)
rPois    +         Spirit   .   (helmet currently unavailable)
rElec    .         Reflect  .   (cloak currently unavailable)
rCorr    .         Harm     .   (gloves currently unavailable)
MR       .....     NoTele   +   (boots currently unavailable)
Stlth    ++........             (no amulet)
HPRegen  0.14/turn              (no ring)
MPRegen  0.09/turn              (no ring)

@: brilliant, lethally poisoned (0 -> -2), tree-form
A: no striking features
a: no special abilities


You were on level 2 of the Dungeon.
You were not hungry.
You were a tree.
You visited 1 branch of the dungeon, and saw 2 of its levels.

You collected 42 gold pieces.

Inventory:

Hand Weapons
 b - a +2 blowgun
 i - a +0 whip (weapon)
Missiles
 a - 3 curare-tipped needles
 l - 6 poisoned needles
Armour
 e - a +0 robe (melded)
Scrolls
 c - 2 scrolls of teleportation
 g - a scroll of blinking {unknown}
 m - a scroll of enchant weapon {unknown}
 n - a scroll of remove curse {unknown}
 o - a scroll of random uselessness {unknown}
Potions
 j - a potion of haste {unknown}
 k - a potion of resistance {unknown}
Comestibles
 f - 3 rations


   Skills:
 + Level 3.2 Fighting
   Level 1.7 Short Blades
 - Level 1.0 Throwing
 + Level 2.4 Dodging
 - Level 1.0 Stealth
 - Level 1.0 Spellcasting
   Level 1.7 Translocations


You had 4 spell levels left.
You didn't know any spells.

Dungeon Overview and Level Annotations

Branches:
Dungeon (2/15)

Altars:


Innate Abilities, Weirdness & Mutations

((You have large cloven feet.))


Message History

* * * LOW HITPOINT WARNING * * *
You feel sick.
The adder bites you but does no damage. x2
You completely miss the adder.
The adder is moderately wounded.
The adder bites you but does no damage.
You barely miss the adder.
The adder is moderately wounded.
* * * LOW HITPOINT WARNING * * *
You feel sick. The adder bites you but does no damage.
You barely miss the adder.
The adder is moderately wounded.
The adder bites you but does no damage. x2
You barely miss the adder.
The adder is moderately wounded.
The adder barely misses you.
You closely miss the adder.
The adder is moderately wounded.
* * * LOW HITPOINT WARNING * * *
You feel sick. The adder bites you.
You die...

.............................
.............................
................(............
................(...........#
.......(...#..(..............
##..#.###..#..(...#..######..
...##<.)........#...##
.#######..)......(### ..#
##.>...†S♣..####### ......
##......###.......#.#
#..#......#....# ###........
#...........w..# #...######.
###............##..### #
#.#.#.......#..#
#........##...#
........##..## <...........


You could see a worm and an adder.

Vanquished Creatures
  Terence (D:2)
  A worm (D:2)
  A dart slug (D:1)
  3 leopard geckos
  4 bats
  2 giant cockroaches (D:1)
  A goblin (D:1)
  4 hobgoblins
  4 kobolds
  A frilled lizard (D:2)
  3 rats (D:1)
25 creatures vanquished.

Notes
Turn   | Place    | Note
-------+----------+-------------------------------------------
     0 | D:1      | Jatast the Demonspawn Wanderer began the quest for the Orb.
     0 | D:1      | Jatast set off with: 3 curare-tipped needles, a +2 blowgun, a scroll of teleportation, a +0 short sword, a +0 robe, a ration
     0 | D:1      | Reached XP level 1. HP: 16/16 MP: 2/2
   506 | D:1      | Gained mutation: You have large cloven feet. [demonic ancestry]
   506 | D:1      | Reached XP level 2. HP: 22/23 MP: 3/3
  1052 | D:2      | Noticed Terence
  1067 | D:2      | Killed Terence
  1067 | D:2      | Reached skill level 3 in Fighting
  1067 | D:2      | Reached XP level 3. HP: 29/29 MP: 4/4
  1344 | D:2      | Slain by an adder

Skill      XL: |  1  2 |
---------------+-------+-----
Fighting       | 3 |  3.2
Dodging        | 2 |  2.4
Short Blades   | |  1.7
Throwing       | |  1.0
Stealth        | |  1.0
Spellcasting   | |  1.0
Translocations | |  1.7

Action                   || total
-------------------------++-------
Melee: Short sword       ||    26
       Whip              ||    65
       Kick              ||     9
 Fire: Blowgun           ||    13
  Use: Potion            ||     2
 Stab: Sleeping          ||     1
  Eat: Chunk             ||     1
Armor: Robe              ||    12
       Skin              ||    12
Dodge: Dodged            ||    66
